 Dungeon Crawl Stone Soup version 0.21-a0-394-gdc75ea7 (webtiles) character file.

12633 nikopol the Spear-Bearer (level 11, 0/106 HPs)
             Began as a Gargoyle Berserker on Oct 17, 2017.
             Was a High Priest of Trog.
             Slain by a sixfirhy (7 damage)
             ... on level 1 of the Abyss on Oct 18, 2017.
             The game lasted 00:38:25 (14155 turns).

nikopol the Spear-Bearer (Gargoyle Berserker)      Turns: 14155, Time: 00:38:25

Health: 0/106      AC: 23    Str: 26    XL:     11   Next: 96%
Magic:  11/11      EV: 11    Int:  8    God:    Trog [*****.]
Gold:   323        SH:  0    Dex: 12    Spells: 10/10 levels left

rFire    + + .     SeeInvis .   a - +1 spear
rCold    . . .     Gourm    +   (no shield)
rNeg     + . .     Faith    .   G - +0 chain mail {rF+}
rPois    ∞         Spirit   .   b - +0 helmet
rElec    +         Reflect  .   h - +0 cloak
rCorr    .         Harm     .   w - +0 pair of gloves
MR       .....                  (no boots)
Stlth    ..........             m - amulet of the gourmand
HPRegen  0.27/turn              M - ring of protection from fire
MPRegen  0.12/turn              (no ring)

@: berserking, very quick
A: negative energy resistance 1, electricity resistance, unbreathing,
petrification resistance, rot immunity, AC +8
a: Berserk, Trog's Hand, Brothers in Arms, Burn Spellbooks, Renounce Religion


You were on level 1 of the Abyss.
You worshipped Trog.
Trog was extremely pleased with you.
You were very full.

You visited 1 branch of the dungeon, and saw 11 of its levels.
You visited the Abyss 1 time.

You collected 555 gold pieces.
You spent 232 gold pieces at shops.

Inventory:

Hand Weapons
 a - a +1 spear (weapon)
 z - a +2 shortbow of flaming
 S - the +1 shortbow of Binun {freeze, +Fly rC- rN++ MR+}
   (You bought it in a shop on level 5 of the Dungeon)

   It causes projectiles fired from it to freeze those they strike, causing
   extra injury to most foes and up to half again as much damage against
   particularly susceptible opponents.
   They can also slow down cold-blooded creatures.
   It makes you vulnerable to cold.
   It greatly protects you from negative energy.
   It affects your resistance to hostile enchantments.
   It lets you fly.
Missiles
 j - 208 arrows (quivered)
Armour
 b - a +0 helmet (worn)
 h - a +0 cloak (worn)
 w - a +0 pair of gloves (worn)
 G - a +0 chain mail of fire resistance (worn)
 N - a +0 ring mail of cold resistance
Jewellery
 m - an amulet of the gourmand (around neck)
 M - a ring of protection from fire (left hand)
 Q - a cursed -2 ring of strength {unknown}
Wands
 n - a wand of clouds (7/9)
 v - a wand of confusion (27/48)
 y - a wand of acid (7/15)
 B - a wand of lightning (7/15)
 I - a wand of lightning (4/15)
 K - a wand of iceblast (6/15)
 L - a wand of flame (26/48)
Scrolls
 e - 6 scrolls of identify {unknown}
 g - 2 scrolls of recharging {unknown}
 i - a scroll of fog {unknown}
 k - 3 scrolls of enchant weapon
 l - 2 scrolls of fear {unknown}
 o - 3 scrolls of teleportation
 s - 6 scrolls of remove curse
 u - a scroll of summoning {unknown}
 D - a scroll of immolation {unknown}
 E - 2 scrolls of magic mapping {unknown}
 F - 2 scrolls of enchant armour {unknown}
 P - a scroll of random uselessness {unknown}
 R - a scroll of noise {unknown}
Potions
 d - 3 potions of flight {unknown}
 p - 2 potions of invisibility {unknown}
 q - 3 potions of heal wounds {unknown}
 r - 2 potions of might {unknown}
 t - 7 potions of curing {unknown}
 x - a potion of berserk rage {unknown}
 A - a potion of ambrosia {unknown}
 J - 3 potions of mutation {unknown}
 O - 2 potions of cancellation {unknown}
 T - a potion of lignification {unknown}
Comestibles
 c - 8 bread rations
 f - 5 fruits
 C - 2 meat rations
 H - 6 royal jellies


   Skills:
 + Level 9.5 Fighting
 + Level 10.0 Polearms
 + Level 9.0 Bows
 + Level 8.4 Armour
 + Level 5.0 Dodging
 + Level 3.6 Stealth


You had 10 spell levels left.
You didn't know any spells.

Dungeon Overview and Level Annotations

Branches:
Dungeon (11/15)            Temple (0/1) D:6             Orc (0/2) D:10
   Lair: D:8-11

Altars:
Ashenzari
Elyvilon
Xom

Shops:
D:4 [}*:   D:5 (   D:7 *   D:8 %   D:10 (

Annotations:
D:11 Sonja


Innate Abilities, Weirdness & Mutations

You are resistant to torment.
Your stone body is resilient. (AC +8)
You are immune to poison.
You resist negative energy. (rN+)
You are resistant to electric shocks. (rElec)
You can survive without breathing.
You are immune to petrification.
You are immune to rotting.


Message History

* * * LOW HITPOINT WARNING * * *
The sixfirhy shocks you. You resist.
* * * LOW HITPOINT WARNING * * *
Something hits you but does no damage. Something bites you but does no damage.
You barely miss the sixfirhy.
The sixfirhy is severely wounded.
The sixfirhy hits you but does no damage.
The sixfirhy hits you.
* * * LOW HITPOINT WARNING * * *
The sixfirhy shocks you. You resist.
* * * LOW HITPOINT WARNING * * *
You closely miss the sixfirhy.
The sixfirhy is severely wounded.
The sixfirhy hits you but does no damage.
Something hits you but does no damage. Something bites you but does no damage.
The sixfirhy closely misses you.
You miss the sixfirhy.
The sixfirhy is severely wounded.
The sixfirhy hits you!
You die...

.. . .#. .#.# .#.
... ###..# .(.
... #....#(# ...
. .#..# .
.##.###.#..#.# #.
## .....##...#.#
#...##..3....## #
#...@{.......
#.....##.#.#.#..#
..#.# . ####.# .#
.. .# .. ..#.. #
### .# ##. .. ...
. .. . #.


You could see a sixfirhy.

Vanquished Creatures
  4 two-headed ogres
  Urug (D:10)
  The ghost of nikopol the Poker, a novice GrBe of Trog (D:5)
  Maurice (D:10)
  A troll (D:10)
  Prince Ribbit (D:8)
  5 slime creatures
  Grinder (D:4)
  A hippogriff (D:4)
  A water elemental (D:10)
  7 yaks
  A wyvern (D:10)
  A human (D:10)
  2 hogs (D:10)
  A hungry ghost (D:8)
  A water moccasin (D:10)
  4 ice beasts
  4 orc warriors
  10 ogres
  A necrophage (D:9)
  A black bear (D:8)
  2 phantoms
  6 centaurs
  A crocodile (D:7)
  2 big kobolds (D:10)
  5 bullfrogs
  3 gnoll sergeants (D:10)
  A wyvern skeleton (D:6)
  A water moccasin zombie (D:6)
  3 scorpions
  3 killer bees (D:7)
  4 wights (D:9)
  An electric eel (D:11)
  2 crimson imps
  A centaur zombie (D:7)
  9 orc wizards
  2 orc priests
  2 centaur skeletons
  4 hounds
  4 jellies
  3 iguanas
  7 worker ants
  A killer bee zombie (D:6)
  A hound zombie (D:6)
  3 hound skeletons
  5 gnolls (D:10)
  7 adders
  A river rat (D:3)
  2 shadow imps
  An ooze (D:4)
  2 adder skeletons
  4 worms
  A dart slug (D:1)
  8 leopard geckos
  33 orcs
  2 ball pythons
  4 bats
  12 giant cockroaches
  5 goblins
  7 hobgoblins
  7 jackals
  9 kobolds
  2 quokkas (D:5)
  2 frilled lizards
  A quokka skeleton (D:6)
  2 rats
238 creatures vanquished.

Vanquished Creatures (collateral kills)
  A slime creature (D:10)
  A water moccasin (D:10)
2 creatures vanquished.

Grand Total: 240 creatures vanquished

Notes
Turn   | Place    | Note
-------+----------+-------------------------------------------
     0 | D:1      | nikopol the Gargoyle Berserker began the quest for the Orb.
     0 | D:1      | Reached XP level 1. HP: 14/14 MP: 1/1
   283 | D:1      | Reached skill level 3 in Polearms
   283 | D:1      | Reached XP level 2. HP: 19/19 MP: 2/2
   692 | D:1      | Reached XP level 3. HP: 20/24 MP: 3/3
  1293 | D:2      | Noticed an ogre
  1299 | D:2      | Killed an ogre
  1299 | D:2      | Reached skill level 4 in Polearms
  1299 | D:2      | Reached XP level 4. HP: 30/30 MP: 4/4
  1299 | D:2      | Reached XP level 5. HP: 34/34 MP: 5/5
  1449 | D:2      | Reached ** piety under Trog
  2803 | D:4      | Reached skill level 1 in Stealth
  2803 | D:4      | Reached XP level 6. HP: 16/40 MP: 6/6
  3006 | D:4      | Found Zeq Navodomo's Gadget Shop.
  3008 | D:4      | Found Rouguq's Armour Shop.
  3008 | D:4      | Found Araenaa's Book Shop.
  3008 | D:4      | Found Wirouniun's Assorted Antiques.
  3213 | D:4      | Noticed a phantom
  3247 | D:4      | Reached skill level 5 in Fighting
  3247 | D:4      | Reached skill level 5 in Polearms
  3249 | D:4      | Killed a phantom
  3249 | D:4      | Reached XP level 7. HP: 9/44 MP: 7/7
  3635 | D:4      | Noticed Grinder
  3675 | D:4      | Paralysed by Grinder for 5 turns
  3687 | D:4      | Paralysed by Grinder for 6 turns
  3696 | D:4      | Paralysed by Grinder for 2 turns
  3700 | D:4      | Paralysed by Grinder for 5 turns
  3721 | D:4      | HP: 2/44 [Grinder/nerve-wracking pain (5)]
  4028 | D:4      | Paralysed by Grinder for 3 turns
  4063 | D:4      | Paralysed by Grinder for 6 turns
  4351 | D:4      | Killed Grinder
  4463 | D:4      | Reached skill level 6 in Polearms
  4724 | D:5      | Entered Level 5 of the Dungeon
  4961 | D:5      | Noticed a hippogriff
  4971 | D:5      | Noticed nikopol's ghost (novice GrBe)
  5006 | D:4      | Killed a hippogriff
  5006 | D:4      | Reached XP level 8. HP: 5/51 MP: 8/8
  5292 | D:5      | Killed nikopol's ghost
  5514 | D:5      | Found Comets's Antique Weapon Boutique.
  5719 | D:6      | Found a shimmering altar of Xom.
  5729 | D:5      | Reached skill level 7 in Polearms
  5931 | D:5      | Upgraded the game from 0.21-a0-380-gd65dc97 to 0.21-a0-394-gdc75ea7
  5948 | D:6      | Reached *** piety under Trog
  5970 | D:5      | Reached XP level 9. HP: 13/56 MP: 9/9
  6234 | D:5      | Bought an encrusted shortbow for 232 gold pieces
  6237 | D:5      | Identified the cursed +1 shortbow of Binun {freeze, +Fly rC- rN++ MR+} (You bought it in a shop on level 5 of the Dungeon)
  6465 | D:6      | Found a staircase to the Ecumenical Temple.
  6630 | D:6      | Reached skill level 1 in Bows
  7649 | D:7      | Reached skill level 5 in Armour
  7910 | D:7      | Reached **** piety under Trog
  7929 | D:7      | Found Qankahul's Assorted Antiques.
  8338 | D:8      | Found a white marble altar of Elyvilon.
  8613 | D:8      | Reached skill level 8 in Polearms
  8613 | D:8      | Reached XP level 10. HP: 58/63 MP: 10/10
  8800 | D:8      | Found Askeohaj's Food Emporium.
  8820 | D:8      | Noticed a two-headed ogre
  8837 | D:7      | Killed a two-headed ogre
  8837 | D:7      | Reached skill level 5 in Bows
  8985 | D:8      | Noticed Prince Ribbit
  8993 | D:8      | Killed Prince Ribbit
  9864 | D:9      | Noticed a two-headed ogre
  9879 | D:9      | Killed a two-headed ogre
 10439 | D:10     | Entered Level 10 of the Dungeon
 10715 | D:10     | Noticed Maurice
 10929 | D:10     | Noticed a two-headed ogre
 10944 | D:10     | Killed a two-headed ogre
 10944 | D:10     | Reached ***** piety under Trog
 10944 | D:10     | Reached skill level 9 in Polearms
 10944 | D:10     | Reached XP level 11. HP: 43/69 MP: 11/11
 11179 | D:10     | Found Pick's Antique Weapon Shoppe.
 11484 | D:10     | Killed Maurice
 11544 | D:10     | Noticed Urug
 11545 | D:10     | Noticed a two-headed ogre
 11574 | D:10     | Found a staircase to the Orcish Mines.
 12073 | D:10     | Killed Urug
 12085 | D:10     | Received a gift from Trog
 12210 | D:10     | Killed a two-headed ogre
 12538 | D:10     | Found a shattered altar of Ashenzari.
 12568 | D:10     | Reached skill level 5 in Dodging
 13598 | D:10     | Reached skill level 10 in Polearms
 14006 | D:11     | Noticed Sonja
 14008 | D:11     | Noticed a cyan ugly thing
 14043 | D:11     | Cast into level 1 of the Abyss (Sonja)
 14138 | Abyss:1  | Noticed a sixfirhy
 14155 | Abyss:1  | Slain by a sixfirhy

Vault maps used:
D:1:      nicolae_arrival_somewhat_less_tricky_arrival, minmay_hedge_maze
D:2:      first_bread
D:3:      gup_sewer_entry_spiral
D:4:      minmay_shop_grid_forest, uniq_grinder
D:5:      serial_shops, shop
D:6:      xom_confusion_cloud, minmay_temple_entry_from_below_a
D:7:      serial_shops, shop
D:8:      basic_altar, serial_shops, shop, uniq_prince_ribbit1
D:10:     kennysheep_orc_monster_closet_entryway, serial_shops,
          nicolae_shop_window_shopping, basic_altar, grunt_livestock,
          uniq_maurice, uniq_urug
D:11:     lemuel_upstairs_altar, lair_entry_dummy, st_stairs_1, uniq_erolcha,
          uniq_sonja

Skill      XL: |  1  2  3  4  5  6  7  8  9 10 11 |
---------------+----------------------------------+-----
Polearms       | 3 4 5 6 7 8 9 10 | 10.0
Fighting       | 4 5 6 7 8 9 |  9.5
Dodging        | 2 3 4 5 |  5.0
Stealth        | 1 2 3 |  3.6
Armour         | 4 5 6 8 |  8.4
Bows           | 4 8 9 |  9.0

Action                   |  1- 3 |  4- 6 |  7- 9 | 10-12 || total
-------------------------+-------+-------+-------+-------++-------
Melee: Spear             |   134 |   213 |   441 |   682 ||  1470
       Shortbow          |       |       |       |     1 ||     1
 Fire: Shortbow          |       |       |   101 |   219 ||   320
Invok: Berserk           |     1 |     1 |     9 |     8 ||    19
       Burn Spellbooks   |       |       |     2 |       ||     2
       Trog's Hand       |       |       |       |     1 ||     1
       Brothers in Arms  |       |       |       |     1 ||     1
  Use: Scroll            |       |       |     4 |     2 ||     6
 Stab: Sleeping          |       |     2 |     3 |       ||     5
       Distracted        |       |     1 |       |       ||     1
  Eat: Chunk             |     1 |     8 |    22 |    33 ||    64
       Bread ration      |       |       |     1 |       ||     1
       Fruit             |       |       |     2 |       ||     2
       Meat ration       |       |       |     1 |       ||     1
Armor: Animal skin       |    25 |    49 |    23 |       ||    97
       Ring mail         |       |       |    79 |       ||    79
       Chain mail        |       |       |    64 |   346 ||   410
Dodge: Dodged            |    40 |    89 |   213 |   223 ||   565

Table legend:
 A = Spawn XP
 B = Non-spawn XP
 C = Spawn XP percentage of total XP
 D = Spawn monster count
 E = Non-spawn monster count
 F = Spawn count percentage of total count
 G = Total turns spent on level
                    A         B        C        D         E        F      G
               +---------+---------+-------+---------+---------+-------+---------
         Total |       0 |   18048 |   0.0 |       0 |     240 |   0.0 | 14155
               +---------+---------+-------+---------+---------+-------+---------
           D:1 |       0 |      37 |   0.0 |       0 |      18 |   0.0 |   935
           D:2 |       0 |     176 |   0.0 |       0 |      16 |   0.0 |   784
           D:3 |       0 |      81 |   0.0 |       0 |      21 |   0.0 |  1639
           D:4 |       0 |    1025 |   0.0 |       0 |      16 |   0.0 |  1811
           D:5 |       0 |     976 |   0.0 |       0 |      13 |   0.0 |   988
           D:6 |       0 |     787 |   0.0 |       0 |      23 |   0.0 |  1214
           D:7 |       0 |    1762 |   0.0 |       0 |      23 |   0.0 |  1014
           D:8 |       0 |    1308 |   0.0 |       0 |      19 |   0.0 |   991
           D:9 |       0 |    2573 |   0.0 |       0 |      25 |   0.0 |  1311
          D:10 |       0 |    8816 |   0.0 |       0 |      56 |   0.0 |  3161
          D:11 |       0 |     507 |   0.0 |       0 |      10 |   0.0 |   195
               +---------+---------+-------+---------+---------+-------+---------
